AoeStats
← ashley

Black Forest

509548609Analyzed
2v2 RM · 4d ago on Sep 27, 2026· 91m 15s· 4 players
Game mode
Random Map
Map size
Medium (4 player)
Population
200
Speed
Normal
Resources
Standard
Victory
Conquest
Starting age
Dark Age
Ending age
Imperial Age
RankedLock teamsTeams togetherTeam positionsShared explorationLock speedFull tech treeHidden civsTurbo modeCheats
Victory
Defeat
🇳🇮 Wei · Nicaragua
895
+17
🇬🇹 Danes · Guatemala
894
+17
🇷🇺 Bohemians · Russia
947
-17
🇦🇺 Mongols · Australia
905
-17
DrJan
10:57 Feudal Age
11:43 Horse Collar
11:50 Double-Bit Axe
12:04 Loom
15:55 Gold Mining
15:55 Stone Mining
20:11 Fishing Lines
22:45 Castle Age
23:45 Wheelbarrow
23:40 Heavy Plow
23:53 Bow Saw
30:33 Imperial Age
27:50 Town Watch
29:05 Gold Shaft Mining
31:25 Stone Shaft Mining
30:47 Fletching
31:03 Scale Barding Armor
30:40 Onager
32:20 Ballistics
32:48 Conscription
32:56 Ming Guang Armor
32:54 Bodkin Arrow
33:20 Chain Barding Armor
34:59 Chemistry
34:10 Masonry
34:45 Thumb Ring
35:06 Parthian Tactics
34:49 Tuntian
34:12 Elite Tiger Cavalry
36:31 Forging
36:25 Bracer
36:35 Forging
39:07 Iron Casting
39:39 Elite Skirmisher
43:06 Caravan
72:37 Blast Furnace
76:03 Fortified Wall
75:36 Treadmill Crane
76:49 Heavy Hei Guang Cavalry
78:24 Bloodlines
78:14 Husbandry
maestro.skippy
1:13 Loom
11:45 Feudal Age
13:23 Double-Bit Axe
14:33 Horse Collar
16:46 Stone Mining
20:24 Castle Age
19:08 Gold Mining
21:12 Wheelbarrow
22:06 Town Watch
22:48 Bow Saw
23:07 Fishing Lines
24:36 Stone Shaft Mining
25:04 Gillnets
28:36 Gold Shaft Mining
32:06 Imperial Age
32:25 Caravan
32:14 Onager
33:26 Conscription
33:35 Hand Cart
33:22 Town Patrol
34:05 Northmen's Fury
34:55 Siege Onager
35:17 Hamask
36:23 Ballistics
37:04 Chemistry
36:25 Siege Engineers
37:35 Heavy Plow
39:25 Forging
39:16 Scale Mail Armor
39:21 Elite Varangian Guard
39:47 Gambesons
40:02 Squires
39:49 Arson
40:42 Iron Casting
40:02 Fletching
43:02 Chain Mail Armor
43:56 Blast Furnace
51:03 Capped Ram
55:15 Siege Ram
65:07 Elite Jomsviking
72:58 Plate Mail Armor
72:27 Bodkin Arrow
X-you
0:30 Loom
11:37 Feudal Age
12:28 Double-Bit Axe
12:24 Horse Collar
13:23 Wheelbarrow
20:00 Castle Age
21:19 Hand Cart
21:06 Heavy Plow
21:22 Bow Saw
29:04 Medium Warships
32:39 Imperial Age
32:40 Chemistry
32:01 Ballistics
31:35 Fletching
31:46 Padded Archer Armor
31:56 Wagenburg Tactics
33:48 Bodkin Arrow
34:08 Leather Archer Armor
34:44 Conscription
33:45 Elite Hussite Wagon
33:52 Houfnice
36:38 Two-Man Saw
36:13 Ring Archer Armor
35:44 Bracer
35:55 Forging
35:46 Scale Mail Armor
36:06 Elite Skirmisher
36:12 Pikeman
36:53 Squires
36:39 Arson
37:06 Murder Holes
37:21 Siege Engineers
37:27 Fortified Wall
36:49 Elite Cannon Galleon
37:29 Halberdier
39:32 Caravan
40:27 Heavy Scorpion
42:57 Chain Mail Armor
43:18 Iron Casting
55:48 Guilds
78:06 Scale Barding Armor
79:03 Blast Furnace
78:37 Plate Mail Armor
78:57 Husbandry
78:19 Light Cavalry
ashley
1:24 Loom
13:48 Feudal Age
15:20 Double-Bit Axe
16:14 Wheelbarrow
17:18 Horse Collar
17:17 Man-at-Arms
20:43 Castle Age
20:47 Stone Mining
20:48 Gold Mining
23:17 Bow Saw
24:20 Heavy Plow
32:04 Imperial Age
30:47 Scale Barding Armor
30:33 Fletching
31:12 Thumb Ring
31:26 Padded Archer Armor
32:59 Hand Cart
33:09 Chain Barding Armor
32:46 Bodkin Arrow
33:35 Bloodlines
34:27 Bracer
34:16 Light Cavalry
36:02 Elite Mangudai
37:06 Ballistics
37:33 Hussar
38:48 Husbandry
40:16 Hoardings
41:00 Chemistry
41:27 Forging
41:25 Murder Holes
41:55 Caravan
43:20 Iron Casting
43:24 Gold Shaft Mining
43:24 Stone Shaft Mining
45:35 Blast Furnace
44:45 Heavy Camel Rider
52:38 Pikeman
57:16 Elite Steppe Lancer
61:29 Squires
61:32 Scale Mail Armor
65:44 Chain Mail Armor
77:47 Plate Mail Armor
Connection lost

Rejoining the realm…

Still unreachable

The connection could not be restored.

Session expired

The server has moved on; the page needs a fresh start.